 Dungeon Crawl Stone Soup version 0.28-a0-1429-gf3d713df7a (webtiles) character file.

Game seed: 17984393770155945035

137 Deminshera the Chiller (level 5, 0/35 HPs)
             Began as a Demonspawn Ice Elementalist on Jan 8, 2022.
             Slain by a hobgoblin zombie (1 damage)
             ... in an ossuary.
             The game lasted 00:02:46 (2267 turns).

Deminshera the Chiller (DsIE)                       Turns: 2267, Time: 00:02:47

Health: 0/35       AC:  3    Str:  8    XL:     5   Next: 0%
Magic:  9/9        EV: 12    Int: 19    God:
Gold:   39         SH:  0    Dex: 13    Spells: 6/10 levels left

rFire   . . .      SeeInvis .   (no weapon)
rCold   . . .      Faith    .   (no shield)
rNeg    . . .      Spirit   .   a - +0 robe
rPois   .          Reflect  .   (no helmet)
rElec   .          Harm     .   j - +0 cloak
rCorr   .          Rampage  .   (no gloves)
Will    .....                   (no boots)
Stlth   +.........              (no amulet)
HPRegen 0.11/turn               (no ring)
MPRegen 0.11/turn               (no ring)

@: silenced, attractive
A: claws 2, powered by pain 1
a: no special abilities


You were in an ossuary.
You visited 1 branch of the dungeon, and saw 3 of its levels.
You also visited: Ossuary.

You collected 39 gold pieces.

Inventory:

Armour
 a - a +0 robe (worn)
 j - a +0 cloak (worn)
Scrolls
 b - a scroll of enchant weapon {unknown}
 f - a scroll of identify {unknown}
 g - a scroll of silence
 h - a scroll of teleportation {unknown}
 i - a scroll of immolation {unknown}
 k - a scroll of summoning {unknown}


   Skills:
 - Level 1.7 Dodging
 - Level 1.7 Stealth
 + Level 3.1 Spellcasting
 * Level 5.2 Ice Magic


You had 6 spell levels left.
You knew the following spells:

 Your Spells              Type           Power      Damage    Failure   Level
a - Freeze                Ice            88%        1d10      1%          1
b - Frozen Ramparts       Ice            44%        1d6       5%          3

Your spell library contained the following spells:

 Spells                   Type           Power      Damage    Failure   Level
 Ozocubu's Armour         Ice            22%        N/A       5%          3
 Hailstorm                Conj/Ice       12%        3d5       45%         4


Dungeon Overview and Level Annotations

Branches:
Dungeon (4/15)            Ossuary (1/1)
 Temple: D:4-7

Altars:
Zin


Innate Abilities, Weirdness & Mutations

You have very sharp fingernails.
You sometimes gain a little power by taking damage.


Message History

The orc zombie hits you but does no damage.
The mummy is attracted toward you. The gnoll zombie completely misses you.
The orc zombie barely misses you. The mummy is attracted toward you.
There is an empty arch of ancient stone here.
The gnoll zombie closely misses you.
The orc zombie is attracted toward you. x2
There is a gate leading back out of this place here.
The orc zombie hits you but does no damage.
The hobgoblin zombie barely misses you. The gnoll zombie hits you.
You are too injured to fight recklessly!
You are too injured to fight recklessly!
The hobgoblin zombie closely misses you.
You scratch the orc zombie.
The orc zombie is severely damaged.
The hobgoblin zombie closely misses you.
The mummy hits you.
The orc zombie hits you but does no damage.
You scratch the orc zombie.
The orc zombie is almost destroyed.
The hobgoblin zombie barely misses you.
You scratch the orc zombie.
You destroy the orc zombie!
The mummy barely misses you.
You scratch the gnoll zombie.
The gnoll zombie is almost destroyed.
The hobgoblin zombie barely misses you. The gnoll zombie barely misses you.
The mummy hits you but does no damage.
You scratch the gnoll zombie.
You destroy the gnoll zombie!
The hobgoblin zombie misses you.
You have reached level 5!
You barely miss the hobgoblin zombie.
The hobgoblin zombie closely misses you.
The hobgoblin zombie misses you. The mummy hits you!
* * * LOW HITPOINT WARNING * * *
You focus on the pain.
You feel your power returning.
You scratch the hobgoblin zombie.
The hobgoblin zombie is lightly damaged.
The hobgoblin zombie hits you.
You die...

#....#
#....#
#....#
#....#
#....#
#....#
#...M#
#..ZM#
#.ZZ@#
######


You could see 2 mummies, 2 hobgoblin zombies and an orc zombie.

Vanquished Creatures
  An ogre (D:4)
  An adder (D:2)
  A dart slug (D:1)
  5 ball pythons
  5 bats (D:1)
  2 endoplasms
  4 giant cockroaches
  A gnoll zombie (Ossuary)
  2 goblins (D:1)
  2 hobgoblins (D:1)
  2 jackals
  3 quokkas (D:1)
  3 frilled lizards (D:1)
  A hobgoblin zombie (Ossuary)
  4 kobolds (D:1)
  An orc zombie (Ossuary)
  5 rats
43 creatures vanquished.

Notes
Turn   | Place    | Note
-------+----------+-------------------------------------------
     0 | D:1      | Deminshera the Demonspawn Ice Elementalist began the quest
                  | for the Orb.
     0 | D:1      | Reached XP level 1. HP: 13/13 MP: 3/3
   360 | D:1      | Gained mutation: You have sharp fingernails. [demonic
                  | ancestry]
   360 | D:1      | Reached XP level 2. HP: 19/19 MP: 3/5
   444 | D:1      | Reached skill level 4 in Ice Magic
  1044 | D:1      | Gained mutation: You sometimes gain a little power by
                  | taking damage. [demonic ancestry]
  1044 | D:1      | Reached XP level 3. HP: 22/24 MP: 3/6
  1354 | D:1      | Learned a level 3 spell: Frozen Ramparts
  2081 | D:2      | Found a faded altar of an unknown god.
  2147 | D:2      | You fall into a shaft and drop 2 floors!
  2147 | D:4      | Noticed an ogre
  2155 | D:4      | Killed an ogre
  2156 | D:4      | Reached skill level 5 in Ice Magic
  2156 | D:4      | Gained mutation: You have very sharp fingernails. [demonic
                  | ancestry]
  2156 | D:4      | Reached XP level 4. HP: 30/30 MP: 1/8
  2213 | D:4      | Found a sand-covered staircase.
  2222 | Ossuary  | Entered an ossuary
  2266 | Ossuary  | Reached XP level 5. HP: 16/35 MP: 3/9
  2266 | Ossuary  | HP: 1/35 [mummy (15)]
  2267 | Ossuary  | Slain by a hobgoblin zombie

Illustrated notes

Levels and vault maps discovered:
D:1:      lemuel_arrival_broad_hall, layout_basic, kennysheep_another_room
D:2:      layout_rooms, basic_altar, basic_ecumenical_altar, serial_shops,
          nicolae_shop_trees, minmay_quantized, uniq_robin
D:4:      layout_cave_pods, nicolae_ossuary_entry_ruins
Ossuary:  ossuary_tomb_3

Skill      XL: |  1  2  3 |
---------------+----------+-----
Ice Magic      | 4 5 |  5.2
Spellcasting   | 3 |  3.1
Dodging        | |  1.7
Stealth        | |  1.7

Action                   |  1- 3 |  4- 6 || total
-------------------------+-------+-------++-------
Melee: Unarmed           |    10 |    11 ||    21
 Cast: Freeze            |    63 |     6 ||    69
       Frozen Ramparts   |       |     1 ||     1
  Use: Scroll            |       |     4 ||     4
       Potion            |       |     1 ||     1
Armor: Robe              |    12 |    11 ||    23
Dodge: Dodged            |    48 |    25 ||    73

Table legend: (Time is in decaauts)
 A = Elapsed time spent in this place.
 B = Non-inter-level travel time spent in this place.
 C = Inter-level travel time spent in this place.
 D = Time resting spent in this place.
 E = Time spent auto-exploring this place.
 F = Levels seen in this place.
 G = Mean time per level.
                   A        B        C        D        E       F      G
               +--------+--------+--------+--------+--------+-----+--------+
         Total |   2267 |   2244 |     23 |    821 |   1070 |   4 |  566.8 |
       Dungeon |   2222 |   2199 |     23 |    821 |   1069 |   3 |  740.7 |
       Ossuary |     44 |     44 |      0 |      0 |      1 |   1 |   44.0 |
               +--------+--------+--------+--------+--------+-----+--------+

Top non-repeatable levels by time:
     D:1: 1791 daAuts
     D:2: 356 daAuts
     D:4: 74 daAuts
 Ossuary: 44 daAuts
